Golden Knights vs Devils (R1)

Created - April 10, 2021 at 21:02

Goals
1 2 3 T
Golden Knights 0 1 2 3
Devils 0 3 1 4
Shots
1 2 3 T
Golden Knights 11 12 12 35
Devils 7 20 6 33

1st period

No Goal

Penalties :
No Penalty

2nd period

1. Devils , Nazem Kadri 25 (Marian Gaborik 54) at 1:18
2. Devils , Marian Gaborik 34 (Thomas Hickey 9, Tyler Ennis 50) at 12:23
3. Golden Knights , Ilya Kovalchuk 25 (Andrei Loktionov 47, Zach Bogosian 55) at 12:59
4. Devils , Tyler Ennis 42 (Nazem Kadri 63) at 18:00

Penalties :
Marian Gaborik (NJD) for Tripping (Minor) at 13:14, Matt Stajan (Vgs) for Cross-checking (Minor) at 19:34

3rd period

5. Devils , Marian Gaborik 35 (Nazem Kadri 64) at 1:24 (PP)
6. Golden Knights , Michael Kostka 2 (Michael Frolik 46, Andrei Loktionov 48) at 4:21 (PP)
7. Golden Knights , Zach Bogosian 22 (Michael Frolik 47, Jared Cowen 30) at 16:23 (PP)

Penalties :
Anton Stralman (NJD) for Holding (Minor) at 4:07, Thomas Vanek (Vgs) for Hooking (Minor) at 12:35, Kristopher Letang (NJD) for Slashing (Minor) at 15:06

Goalie Stats

Ondrej Pavelec (Vgs), 29 saves from 33 shots - (0.879), L, 27-20-6, 58:54 minutes
Maxime Daigneault (NJD), 32 saves from 35 shots - (0.914), W, 36-15-8, 60:00 minutes

Players Stats for Golden Knights

Player Name              G  A  P  +/- PIM S  H  SB GA TA FO     MP     PP MP  PK MP  
------------------------------------------------------------------------------------
Andrei Loktionov         0  2  2   0  0   4  1  0  1  0  7/36   22:30   2:34   0:59 
Chris Tierney            0  0  0   0  0   2  0  0  0  0  2/2     7:30   0:00   0:00 
Ilya Kovalchuk           1  0  1   0  0   3  2  0  0  1  2/4    24:35   2:34   2:45 
Jared Cowen              0  1  1   1  0   3  0  3  0  1  0/0    31:28   2:37   2:44 
Mathew Dumba             0  0  0   0  0   0  0  1  0  0  0/0     4:18   0:00   0:00 
Matt Stajan              0  0  0  -1  2   3  3  0  0  0  6/15   16:23   0:55   0:31 
Michael Frolik           0  2  2   0  0   6  1  0  2  0  3/6    24:17   2:34   2:45 
Michael Kostka           1  0  1  -2  0   2  1  3  0  0  0/0    17:55   1:25   1:05 
Nathan Horton            0  0  0  -1  0   1  1  0  0  0  0/2    11:16   0:01   0:00 
Patrice Cormier          0  0  0  -1  0   1  1  0  0  0  4/9    11:16   0:01   0:00 
Sergei Plotnikov         0  0  0   0  0   1  3  0  0  0  0/0     8:23   0:00   0:05 
Shawn Matthias           0  0  0  -1  0   2  2  0  1  1  0/0    11:06   0:00   0:33 
Thomas Vanek             0  0  0  -1  2   1  1  0  0  0  0/1    15:53   0:55   0:00 
Vladimir Mihalik         0  0  0  -2  0   0  3  0  0  2  0/0    20:08   0:53   0:00 
Vladimir Zharkov         0  0  0   0  0   1  1  0  0  0  0/0     8:13   0:01   0:00 
Wayne Simmonds           0  0  0  -1  0   2  2  0  2  0  0/0    15:53   0:55   0:00 
Wes O'Neill              0  0  0  -2  0   0  2  1  0  0  0/0    14:51   0:00   1:05 
Zach Bogosian            1  1  2   1  0   3  2  3  1  0  0/0    30:14   2:05   2:44 

Players Stats for Devils

Player Name              G  A  P  +/- PIM S  H  SB GA TA FO     MP     PP MP  PK MP  
------------------------------------------------------------------------------------
Anton Stralman           0  0  0   0  2   1  0  1  2  1  0/0    25:49   2:14   1:55 
Brad Richards            0  0  0   0  0   3  1  0  0  0  4/4    13:11   0:00   0:48 
Brad Richardson          0  0  0   0  0   0  0  0  0  0  0/0     6:24   0:00   0:00 
Chris Stewart            0  0  0   0  0   3  0  1  0  0  0/0    17:15   1:45   0:00 
Jamie Arniel             0  0  0   0  0   3  2  1  1  0  8/16   17:06   1:45   0:00 
Josh Gorges              0  0  0   1  0   1  2  1  0  2  0/0    18:55   1:35   1:21 
Kristopher Letang        0  0  0   0  2   5  0  2  0  0  0/0    28:53   2:14   1:31 
Marian Gaborik           2  1  3   2  2   4  2  1  2  0  5/5    26:21   2:04   0:58 
Martin Samuelsson        0  0  0   0  0   0  1  0  0  0  1/1    13:35   0:00   0:58 
Matt Donovan             0  0  0   1  0   0  3  1  0  0  0/0    12:16   0:00   0:52 
Michael Del Zotto        0  0  0   1  0   1  1  1  0  1  0/0    18:55   1:35   1:21 
Mike Weber               0  0  0   0  0   1  0  0  0  0  0/0     4:09   0:00   0:00 
Nazem Kadri              1  2  3   2  0   3  1  0  0  1  28/42  21:57   2:04   1:03 
Nick Bonino              0  0  0   0  0   3  0  0  0  0  3/4     6:15   0:00   0:00 
Patrick Kaleta           0  0  0   0  0   0  2  1  0  0  0/0    12:49   0:00   0:00 
Thomas Hickey            0  1  1   1  0   1  0  2  0  1  0/0    11:24   0:00   0:00 
Tyler Ennis              1  1  2   2  0   4  2  1  0  0  1/2    22:52   2:04   1:58 
Zach Parise              0  0  0   0  0   0  1  2  0  1  1/1    18:21   1:45   1:15 

3 Stars

1 - Marian Gaborik (NJD)
2 - Nazem Kadri (NJD)
3 - Tyler Ennis (NJD)

Power Play

Golden Knights - 2 on 3 Attempt(s) - 66.67%
Devils - 1 on 2 Attempt(s) - 50.00%

Penalty Kill

Golden Knights - 1 on 2 Attempt(s) - 50.00% - Score 0 goal in Penalty Kill
Devils - 1 on 3 Attempt(s) - 33.33% - Score 0 goal in Penalty Kill

Team Stat

Golden Knights - Hits : 26 - Faceoff Wins : 24 - Blocked Shots : 11 - Penalty Minutes : 4
Devils - Hits : 18 - Faceoff Wins : 51 - Blocked Shots : 15 - Penalty Minutes : 6

Official

Referees : Unknown
Linesman : Unknown

Game Notes

Mathew Dumba is injured at 14:19 of 1st period (Bruised Right Shoulder)

Finance

Level 1 -- Attendance: 6000 (100.00%) -- Ticket Income $630,000
Level 2 -- Attendance: 5000 (100.00%) -- Ticket Income $325,000
Level 3 -- Attendance: 2000 (100.00%) -- Ticket Income $80,000
Level 4 -- Attendance: 3911 (97.78%) -- Ticket Income $109,508
Luxury Box -- Attendance: 1000 (100.00%) -- Ticket Income $180,000
Game was played at the The Pack Center.
Total Attendance: 17911 (99.51%)
Total Ticket Income: $1,324,508
Other Income: $198,676
Total Income: $1,523,184

Golden Knights

5 vs 5 Forward 
   Center                   Left Wing                Right Wing               Time % Phy DF OF 
 1 Andrei Loktionov         Ilya Kovalchuk           Michael Frolik           40     1   2  2  
 2 Matt Stajan              Thomas Vanek             Wayne Simmonds           30     1   2  2  
 3 Patrice Cormier          Shawn Matthias           Nathan Horton            20     1   2  2  
 4 Chris Tierney            Sergei Plotnikov         Vladimir Zharkov         10     1   2  2  

5 vs 5 Defense 
   Defense                  Defense                                           Time % Phy DF OF 
 1 Zach Bogosian            Jared Cowen                                       40     1   2  2  
 2 Michael Kostka           Mathew Dumba                                      30     1   2  2  
 3 Vladimir Mihalik         Wes O'Neill                                       20     1   2  2  
 4 Zach Bogosian            Jared Cowen                                       10     1   2  2  

PowerPlay Forward 
   Center                   Left Wing                Right Wing               Time % Phy DF OF 
 1 Andrei Loktionov         Ilya Kovalchuk           Michael Frolik           60     1   2  2  
 2 Matt Stajan              Thomas Vanek             Wayne Simmonds           40     1   2  2  

PowerPlay Defense
   Defense                  Defense                                           Time % Phy DF OF 
 1 Zach Bogosian            Jared Cowen                                       60     1   2  2  
 2 Michael Kostka           Mathew Dumba                                      40     1   2  2  

Penalty Kill 4 Players Forward 
   Center                   Wing                     Time % Phy DF OF 
 1 Michael Frolik           Ilya Kovalchuk           60     1   2  2  
 2 Andrei Loktionov         Matt Stajan              40     1   2  2  

Penalty Kill 4 Players Defense
   Defense                  Defense                  Time % Phy DF OF 
 1 Zach Bogosian            Jared Cowen              60     1   2  2  
 2 Michael Kostka           Mathew Dumba             40     1   2  2  

Penalty Kill - 3 Players Forward 
   Forward                                           Time % Phy DF OF 
 1 Michael Frolik                                    60     1   2  2  
 2 Ilya Kovalchuk                                    40     1   2  2  

Penalty Kill - 3 Players Defense
   Defense                  Defense                  Time % Phy DF OF 
 1 Zach Bogosian            Jared Cowen              60     1   2  2  
 2 Michael Kostka           Mathew Dumba             40     1   2  2  

4 vs 4 Forward 
   Center                   Wing                     Time % Phy DF OF 
 1 Michael Frolik           Ilya Kovalchuk           60     1   2  2  
 2 Andrei Loktionov         Matt Stajan              40     1   2  2  

4 vs 4 Defense
   Defense                  Defense                  Time % Phy DF OF 
 1 Zach Bogosian            Jared Cowen              60     1   2  2  
 2 Michael Kostka           Mathew Dumba             40     1   2  2  

Last Minutes Offensive
   Center                   Left Wing                Right Wing               Defense                  Defense                  
   Andrei Loktionov         Ilya Kovalchuk           Michael Frolik           Zach Bogosian            Jared Cowen              

Last Minutes Defensive
   Center                   Left Wing                Right Wing               Defense                  Defense                  
   Andrei Loktionov         Ilya Kovalchuk           Michael Frolik           Zach Bogosian            Jared Cowen              

Goaltenders
Starting : Ondrej Pavelec           
Backup : Matt Hackett             

Extra Forwards
Normal : Nathan Horton, Patrice Cormier, Shawn Matthias - PP : Nathan Horton, Patrice Cormier - PK : Shawn Matthias
Extra Defensemen
Normal : Vladimir Mihalik, Wes O'Neill, Michael Kostka - PP : Vladimir Mihalik - PK : Wes O'Neill, Michael Kostka
Penalty Shots
Michael Frolik, Ilya Kovalchuk, Andrei Loktionov, Matt Stajan, Thomas Vanek

Scratches
None

Devils

5 vs 5 Forward 
   Center                   Left Wing                Right Wing               Time % Phy DF OF 
 1 Nazem Kadri              Tyler Ennis              Marian Gaborik           40     1   2  2  
 2 Jamie Arniel             Zach Parise              Chris Stewart            30     1   2  2  
 3 Brad Richards            Martin Samuelsson        Patrick Kaleta           20     1   2  2  
 4 Nick Bonino              Marian Gaborik           Brad Richardson          10     1   2  2  

5 vs 5 Defense 
   Defense                  Defense                                           Time % Phy DF OF 
 1 Kristopher Letang        Anton Stralman                                    40     1   2  2  
 2 Michael Del Zotto        Josh Gorges                                       30     1   2  2  
 3 Thomas Hickey            Matt Donovan                                      20     1   2  2  
 4 Mike Weber               Kristopher Letang                                 10     1   2  2  

PowerPlay Forward 
   Center                   Left Wing                Right Wing               Time % Phy DF OF 
 1 Nazem Kadri              Tyler Ennis              Marian Gaborik           60     1   2  2  
 2 Jamie Arniel             Zach Parise              Chris Stewart            40     1   2  2  

PowerPlay Defense
   Defense                  Defense                                           Time % Phy DF OF 
 1 Kristopher Letang        Anton Stralman                                    60     1   2  2  
 2 Michael Del Zotto        Josh Gorges                                       40     1   2  2  

Penalty Kill 4 Players Forward 
   Center                   Wing                     Time % Phy DF OF 
 1 Marian Gaborik           Tyler Ennis              60     1   2  2  
 2 Nazem Kadri              Zach Parise              40     1   2  2  

Penalty Kill 4 Players Defense
   Defense                  Defense                  Time % Phy DF OF 
 1 Kristopher Letang        Anton Stralman           60     1   2  2  
 2 Michael Del Zotto        Josh Gorges              40     1   2  2  

Penalty Kill - 3 Players Forward 
   Forward                                           Time % Phy DF OF 
 1 Marian Gaborik                                    60     1   2  2  
 2 Tyler Ennis                                       40     1   2  2  

Penalty Kill - 3 Players Defense
   Defense                  Defense                  Time % Phy DF OF 
 1 Kristopher Letang        Anton Stralman           60     1   2  2  
 2 Michael Del Zotto        Josh Gorges              40     1   2  2  

4 vs 4 Forward 
   Center                   Wing                     Time % Phy DF OF 
 1 Marian Gaborik           Tyler Ennis              60     1   2  2  
 2 Nazem Kadri              Zach Parise              40     1   2  2  

4 vs 4 Defense
   Defense                  Defense                  Time % Phy DF OF 
 1 Kristopher Letang        Anton Stralman           60     1   2  2  
 2 Michael Del Zotto        Josh Gorges              40     1   2  2  

Last Minutes Offensive
   Center                   Left Wing                Right Wing               Defense                  Defense                  
   Nazem Kadri              Tyler Ennis              Marian Gaborik           Kristopher Letang        Anton Stralman           

Last Minutes Defensive
   Center                   Left Wing                Right Wing               Defense                  Defense                  
   Nazem Kadri              Tyler Ennis              Marian Gaborik           Kristopher Letang        Anton Stralman           

Goaltenders
Starting : Maxime Daigneault        
Backup : Thomas McCollum          

Extra Forwards
Normal : Brad Richards, Patrick Kaleta, Martin Samuelsson - PP : Brad Richards, Patrick Kaleta - PK : Martin Samuelsson
Extra Defensemen
Normal : Thomas Hickey, Matt Donovan, Mike Weber - PP : Thomas Hickey - PK : Matt Donovan, Mike Weber
Penalty Shots
Marian Gaborik, Tyler Ennis, Nazem Kadri, Zach Parise, Jamie Arniel

Scratches
Eric Tangradi (Healthy)

% Time on Ice - Golden Knights

Lines # - Real PCT - Wanted PCT - Time Play
Normal Forward
1 - 36% - 40% - 18:42
2 - 29% - 30% - 14:58
3 - 20% - 20% - 10:33
4 - 15% - 10% - 7:30
Normal Defense
1 - 36% - 40% - 18:45
2 - 33% - 30% - 17:01
3 - 22% - 20% - 11:27
4 - 9% - 10% - 4:30
PP Forward
1 - 74% - 60% - 2:35
2 - 26% - 40% - 0:55
PP Defense
1 - 60% - 60% - 2:05
2 - 40% - 40% - 1:25
PK Forward
1 - 74% - 60% - 2:50
2 - 26% - 40% - 0:59
PK Defense
1 - 72% - 60% - 2:44
2 - 28% - 40% - 1:05
PK3 Forward
1 - 0% - 60%
2 - 0% - 40%
PK3 Defense
1 - 0% - 60%
2 - 0% - 40%
44 Forward
1 - 0% - 60%
2 - 0% - 40%
44 Defense
1 - 0% - 60%
2 - 0% - 40%
Last Minute Offensive  - 0:58
Last Minute Defensive  - 0:00
Total
Forward - 60:00
Defense - 60:00

% Time on Ice - Devils

Lines # - Real PCT - Wanted PCT - Time Play
Normal Forward
1 - 35% - 40% - 17:56
2 - 30% - 30% - 15:21
3 - 24% - 20% - 12:15
4 - 12% - 10% - 6:15
Normal Defense
1 - 41% - 40% - 21:03
2 - 31% - 30% - 15:59
3 - 20% - 20% - 10:36
4 - 8% - 10% - 4:09
PP Forward
1 - 54% - 60% - 2:04
2 - 46% - 40% - 1:45
PP Defense
1 - 59% - 60% - 2:14
2 - 41% - 40% - 1:35
PK Forward
1 - 84% - 60% - 2:57
2 - 16% - 40% - 0:33
PK Defense
1 - 61% - 60% - 2:09
2 - 39% - 40% - 1:21
PK3 Forward
1 - 0% - 60%
2 - 0% - 40%
PK3 Defense
1 - 0% - 60%
2 - 0% - 40%
44 Forward
1 - 0% - 60%
2 - 0% - 40%
44 Defense
1 - 0% - 60%
2 - 0% - 40%
Last Minute Offensive  - 0:00
Last Minute Defensive  - 0:54
Total
Forward - 60:00
Defense - 60:00

Play-by-Play

1st period


0:01 of 1st period - Nazem Kadri wins face-off versus Andrei Loktionov in neutral zone.
0:16 of 1st period - Wrist shot by Andrei Loktionov.
0:16 of 1st period - Stopped by Maxime Daigneault with a rebound.
1:50 of 1st period - Kristopher Letang is hit by Zach Bogosian and loses puck.
2:00 of 1st period - Icing by Zach Bogosian.
2:01 of 1st period - Brad Richards wins face-off versus Matt Stajan in Golden Knights zone.
2:24 of 1st period - Snap shot by Zach Bogosian.
2:24 of 1st period - Shot Misses the Net.
2:37 of 1st period - Slapshot by Wayne Simmonds.
2:37 of 1st period - Shot Misses the Net.
2:39 of 1st period - Slapshot by Zach Bogosian.
2:39 of 1st period - Shot Misses the Net.
2:47 of 1st period - Wrist shot by Thomas Vanek.
2:47 of 1st period - Stopped by Maxime Daigneault without a rebound.
2:48 of 1st period - Nazem Kadri wins face-off versus Andrei Loktionov in Devils zone.
3:44 of 1st period - Snap shot by Marian Gaborik.
3:44 of 1st period - Shot Misses the Net.
4:50 of 1st period - Wayne Simmonds is hit by Matt Donovan and loses puck.
5:08 of 1st period - Nazem Kadri is hit by Wes O'Neill and loses puck.
5:37 of 1st period - Vladimir Mihalik is hit by Marian Gaborik and loses puck.
5:49 of 1st period - Wrist shot by Tyler Ennis.
5:49 of 1st period - Shot Blocked by Mathew Dumba.
5:55 of 1st period - Kristopher Letang is hit by Nathan Horton and loses puck.
6:06 of 1st period - Shawn Matthias is hit by Tyler Ennis and loses puck.
6:13 of 1st period - Tyler Ennis is hit by Shawn Matthias and loses puck.
6:30 of 1st period - Michael Kostka is hit by Nazem Kadri and loses puck.
6:35 of 1st period - Snap shot by Tyler Ennis.
6:35 of 1st period - Stopped by Ondrej Pavelec without a rebound.
6:36 of 1st period - Jamie Arniel wins face-off versus Andrei Loktionov in Golden Knights zone.
7:02 of 1st period - Wayne Simmonds is hit by Brad Richards and loses puck.
7:13 of 1st period - Snap shot by Matt Stajan.
7:13 of 1st period - Stopped by Maxime Daigneault without a rebound.
7:14 of 1st period - Jamie Arniel wins face-off versus Michael Frolik in Devils zone.
9:35 of 1st period - Snap shot by Michael Frolik.
9:35 of 1st period - Shot Misses the Net.
9:37 of 1st period - Snap shot by Michael Frolik.
9:37 of 1st period - Shot Blocked by Thomas Hickey.
9:39 of 1st period - Slapshot by Vladimir Mihalik.
9:39 of 1st period - Deflect By Michael Frolik.
9:39 of 1st period - Shot Blocked by Tyler Ennis.
9:39 of 1st period - Puck is out of play.
9:40 of 1st period - Nazem Kadri wins face-off versus Matt Stajan in Devils zone.
9:42 of 1st period - Kristopher Letang is hit by Matt Stajan and loses puck.
10:39 of 1st period - Zach Parise is hit by Sergei Plotnikov and loses puck.
10:58 of 1st period - Slapshot by Jared Cowen.
10:58 of 1st period - Stopped by Maxime Daigneault without a rebound.
10:59 of 1st period - Nazem Kadri wins face-off versus Andrei Loktionov in Devils zone.
11:18 of 1st period - Michael Kostka is hit by Tyler Ennis.
11:40 of 1st period - Zach Parise is hit by Thomas Vanek and loses puck.
12:06 of 1st period - Icing by Kristopher Letang.
12:07 of 1st period - Andrei Loktionov wins face-off versus Jamie Arniel in Devils zone.
12:10 of 1st period - Snap shot by Andrei Loktionov.
12:10 of 1st period - Shot Misses the Net.
12:28 of 1st period - Wrist shot by Jamie Arniel.
12:28 of 1st period - Shot Misses the Net.
12:40 of 1st period - Snap shot by Jamie Arniel.
12:40 of 1st period - Stopped by Ondrej Pavelec without a rebound.
12:41 of 1st period - Nazem Kadri wins face-off versus Andrei Loktionov in Golden Knights zone.
13:49 of 1st period - Brad Richards is hit by Zach Bogosian and loses puck.
13:54 of 1st period - Wrist shot by Sergei Plotnikov.
13:54 of 1st period - Stopped by Maxime Daigneault without a rebound.
13:55 of 1st period - Chris Tierney wins face-off versus Nazem Kadri in Devils zone.
14:18 of 1st period - Mathew Dumba is hit by Martin Samuelsson and loses puck.
14:19 of 1st period - Mathew Dumba from Golden Knights is injured at 14:19 of 1st period (Bruised Right Shoulder).
14:20 of 1st period - Andrei Loktionov wins face-off versus Nazem Kadri in Golden Knights zone.
14:57 of 1st period - Wrist shot by Brad Richards.
14:57 of 1st period - Stopped by Ondrej Pavelec with a rebound.
15:15 of 1st period - Wrist shot by Jamie Arniel.
15:15 of 1st period - Shot Blocked by Zach Bogosian.
15:21 of 1st period - Slapshot by Wayne Simmonds.
15:21 of 1st period - Stopped by Maxime Daigneault without a rebound.
15:22 of 1st period - Nick Bonino wins face-off versus Andrei Loktionov in Devils zone.
15:39 of 1st period - Wrist shot by Nick Bonino.
15:39 of 1st period - Stopped by Ondrej Pavelec without a rebound.
15:40 of 1st period - Nazem Kadri wins face-off versus Patrice Cormier in Golden Knights zone.
15:53 of 1st period - Slapshot by Michael Kostka.
15:53 of 1st period - Shot Blocked by Kristopher Letang.
16:05 of 1st period - Brad Richards is hit by Michael Kostka and loses puck.
16:37 of 1st period - Slapshot by Zach Bogosian.
16:37 of 1st period - Shot Blocked by Chris Stewart.
16:53 of 1st period - Snap shot by Sergei Plotnikov.
16:53 of 1st period - Shot Misses the Net.
16:55 of 1st period - Snap shot by Chris Tierney.
16:55 of 1st period - Stopped by Maxime Daigneault with a rebound.
17:30 of 1st period - Wrist shot by Chris Stewart.
17:30 of 1st period - Shot Misses the Net.
17:32 of 1st period - Snap shot by Chris Stewart.
17:32 of 1st period - Stopped by Ondrej Pavelec without a rebound.
17:33 of 1st period - Patrice Cormier wins face-off versus Jamie Arniel in Golden Knights zone.
17:40 of 1st period - Wrist shot by Nathan Horton.
17:40 of 1st period - Stopped by Maxime Daigneault without a rebound.
17:41 of 1st period - Nazem Kadri wins face-off versus Patrice Cormier in Devils zone.
17:56 of 1st period - Snap shot by Tyler Ennis.
17:56 of 1st period - Shot Blocked by Michael Kostka.
17:58 of 1st period - Slapshot by Anton Stralman.
17:58 of 1st period - Stopped by Ondrej Pavelec without a rebound.
17:59 of 1st period - Andrei Loktionov wins face-off versus Jamie Arniel in Golden Knights zone.
17:59 of 1st period - Andrei Loktionov is hit by Zach Parise.
18:05 of 1st period - Snap shot by Zach Bogosian.
18:05 of 1st period - Stopped by Maxime Daigneault with a rebound.
18:25 of 1st period - Tyler Ennis is hit by Wayne Simmonds and loses puck.
18:33 of 1st period - Off-side.
18:34 of 1st period - Marian Gaborik wins face-off versus Andrei Loktionov in neutral zone.
18:43 of 1st period - Slapshot by Nazem Kadri.
18:43 of 1st period - Stopped by Ondrej Pavelec without a rebound.
18:44 of 1st period - Nazem Kadri wins face-off versus Andrei Loktionov in Golden Knights zone.
18:51 of 1st period - Marian Gaborik is hit by Andrei Loktionov and loses puck.
18:56 of 1st period - Slapshot by Michael Frolik.
18:56 of 1st period - Stopped by Maxime Daigneault without a rebound.
18:57 of 1st period - Andrei Loktionov wins face-off versus Nazem Kadri in Devils zone.
19:43 of 1st period - Slapshot by Zach Bogosian.
19:43 of 1st period - Stopped by Maxime Daigneault without a rebound.
19:44 of 1st period - Jamie Arniel wins face-off versus Nathan Horton in Devils zone.
Goals for this period are 0 for Golden Knights vs 0 for Devils.
Shots for this period are 11 for Golden Knights vs 7 for Devils.

2nd period


0:01 of 2nd period - Nazem Kadri wins face-off versus Andrei Loktionov in neutral zone.
0:04 of 2nd period - Snap shot by Nazem Kadri.
0:04 of 2nd period - Shot Misses the Net.
0:06 of 2nd period - Wrist shot by Nazem Kadri.
0:06 of 2nd period - Deflect By Tyler Ennis.
0:06 of 2nd period - Stopped by Ondrej Pavelec with a rebound.
0:08 of 2nd period - Slapshot by Mike Weber.
0:08 of 2nd period - Stopped by Ondrej Pavelec with a rebound.
0:10 of 2nd period - Snap shot by Tyler Ennis.
0:10 of 2nd period - Shot Misses the Net.
0:12 of 2nd period - Slapshot by Kristopher Letang.
0:12 of 2nd period - Shot Misses the Net.
0:14 of 2nd period - Wrist shot by Nazem Kadri.
0:14 of 2nd period - Stopped by Ondrej Pavelec without a rebound.
0:15 of 2nd period - Matt Stajan wins face-off versus Nazem Kadri in Golden Knights zone.
0:40 of 2nd period - Brad Richards is hit by Ilya Kovalchuk.
0:54 of 2nd period - Wrist shot by Michael Frolik.
0:54 of 2nd period - Stopped by Maxime Daigneault without a rebound.
0:55 of 2nd period - Patrice Cormier wins face-off versus Tyler Ennis in Devils zone.
0:58 of 2nd period - Snap shot by Patrice Cormier.
0:58 of 2nd period - Stopped by Maxime Daigneault without a rebound.
0:59 of 2nd period - Nazem Kadri wins face-off versus Patrice Cormier in Devils zone.
0:59 of 2nd period - Nazem Kadri is hit by Patrice Cormier.
1:04 of 2nd period - Icing by Marian Gaborik.
1:05 of 2nd period - Patrice Cormier wins face-off versus Nazem Kadri in Devils zone.
1:16 of 2nd period - Wrist shot by Marian Gaborik.
1:16 of 2nd period - Shot Misses the Net.
1:18 of 2nd period - Wrist shot by Nazem Kadri.
1:18 of 2nd period - Deflect By Patrice Cormier.
1:18 of 2nd period - Goal by Nazem Kadri - Golden Knights : 0 - Devils : 1.
1:19 of 2nd period - Nazem Kadri wins face-off versus Andrei Loktionov in neutral zone.
1:42 of 2nd period - Ilya Kovalchuk is hit by Marian Gaborik and loses puck.
1:49 of 2nd period - Wrist shot by Nazem Kadri.
1:49 of 2nd period - Shot Blocked by Jared Cowen.
2:11 of 2nd period - Snap shot by Tyler Ennis.
2:11 of 2nd period - Deflect By Nazem Kadri.
2:11 of 2nd period - Shot Misses the Net.
2:11 of 2nd period - Puck is out of play.
2:12 of 2nd period - Zach Parise wins face-off versus Matt Stajan in Golden Knights zone.
2:13 of 2nd period - Wrist shot by Chris Stewart.
2:13 of 2nd period - Shot Misses the Net.
2:19 of 2nd period - Snap shot by Matt Stajan.
2:19 of 2nd period - Shot Misses the Net.
2:21 of 2nd period - Slapshot by Wes O'Neill.
2:21 of 2nd period - Shot Blocked by Zach Parise.
2:23 of 2nd period - Snap shot by Wes O'Neill.
2:23 of 2nd period - Shot Blocked by Zach Parise.
2:37 of 2nd period - Vladimir Mihalik is hit by Matt Donovan and loses puck.
2:46 of 2nd period - Wrist shot by Shawn Matthias.
2:46 of 2nd period - Stopped by Maxime Daigneault without a rebound.
2:47 of 2nd period - Jamie Arniel wins face-off versus Matt Stajan in Devils zone.
3:16 of 2nd period - Slapshot by Michael Kostka.
3:16 of 2nd period - Shot Misses the Net.
3:18 of 2nd period - Slapshot by Michael Kostka.
3:18 of 2nd period - Stopped by Maxime Daigneault without a rebound.
3:19 of 2nd period - Nazem Kadri wins face-off versus Andrei Loktionov in Devils zone.
3:28 of 2nd period - Snap shot by Andrei Loktionov.
3:28 of 2nd period - Shot Blocked by Kristopher Letang.
3:30 of 2nd period - Snap shot by Michael Frolik.
3:30 of 2nd period - Shot Misses the Net.
3:32 of 2nd period - Wrist shot by Michael Frolik.
3:32 of 2nd period - Shot Misses the Net.
3:34 of 2nd period - Wrist shot by Andrei Loktionov.
3:34 of 2nd period - Shot Misses the Net.
3:52 of 2nd period - Slapshot by Chris Stewart.
3:52 of 2nd period - Stopped by Ondrej Pavelec without a rebound.
3:53 of 2nd period - Matt Stajan wins face-off versus Jamie Arniel in Golden Knights zone.
3:53 of 2nd period - Matt Stajan is hit by Josh Gorges.
4:24 of 2nd period - Wrist shot by Chris Stewart.
4:24 of 2nd period - Stopped by Ondrej Pavelec with a rebound.
4:40 of 2nd period - Wrist shot by Matt Stajan.
4:40 of 2nd period - Stopped by Maxime Daigneault with a rebound.
4:42 of 2nd period - Slapshot by Wayne Simmonds.
4:42 of 2nd period - Deflect By Matt Stajan.
4:42 of 2nd period - Shot Misses the Net.
4:42 of 2nd period - Puck is out of play.
4:43 of 2nd period - Nazem Kadri wins face-off versus Andrei Loktionov in Devils zone.
5:10 of 2nd period - Kristopher Letang is hit by Shawn Matthias and loses puck.
5:31 of 2nd period - Snap shot by Shawn Matthias.
5:31 of 2nd period - Stopped by Maxime Daigneault without a rebound.
5:32 of 2nd period - Chris Tierney wins face-off versus Nick Bonino in Devils zone.
6:34 of 2nd period - Slapshot by Kristopher Letang.
6:34 of 2nd period - Shot Misses the Net.
7:10 of 2nd period - Snap shot by Nick Bonino.
7:10 of 2nd period - Stopped by Ondrej Pavelec with a rebound.
7:12 of 2nd period - Snap shot by Nick Bonino.
7:12 of 2nd period - Stopped by Ondrej Pavelec with a rebound.
7:14 of 2nd period - Snap shot by Marian Gaborik.
7:14 of 2nd period - Stopped by Ondrej Pavelec without a rebound.
7:15 of 2nd period - Brad Richards wins face-off versus Ilya Kovalchuk in Golden Knights zone.
7:18 of 2nd period - Snap shot by Brad Richards.
7:18 of 2nd period - Shot Misses the Net.
7:20 of 2nd period - Slapshot by Matt Donovan.
7:20 of 2nd period - Shot Misses the Net.
7:45 of 2nd period - Thomas Vanek is hit by Jamie Arniel and loses puck.
8:20 of 2nd period - Thomas Hickey is hit by Michael Frolik and loses puck.
9:35 of 2nd period - Nazem Kadri is hit by Wes O'Neill and loses puck.
9:52 of 2nd period - Josh Gorges is hit by Matt Stajan and loses puck.
11:46 of 2nd period - Icing by Nathan Horton.
11:47 of 2nd period - Brad Richards wins face-off versus Thomas Vanek in Golden Knights zone.
12:06 of 2nd period - Snap shot by Andrei Loktionov.
12:06 of 2nd period - Shot Misses the Net.
12:13 of 2nd period - Icing by Chris Stewart.
12:14 of 2nd period - Nazem Kadri wins face-off versus Matt Stajan in Devils zone.
12:19 of 2nd period - Snap shot by Tyler Ennis.
12:19 of 2nd period - Stopped by Ondrej Pavelec with a rebound.
12:21 of 2nd period - Slapshot by Thomas Hickey.
12:21 of 2nd period - Stopped by Ondrej Pavelec with a rebound.
12:23 of 2nd period - Wrist shot by Marian Gaborik.
12:23 of 2nd period - Goal by Marian Gaborik - Golden Knights : 0 - Devils : 2.
12:24 of 2nd period - Nazem Kadri wins face-off versus Andrei Loktionov in neutral zone.
12:55 of 2nd period - Wrist shot by Ilya Kovalchuk.
12:55 of 2nd period - Shot Blocked by Anton Stralman.
12:57 of 2nd period - Slapshot by Ilya Kovalchuk.
12:57 of 2nd period - Stopped by Maxime Daigneault with a rebound.
12:59 of 2nd period - Snap shot by Ilya Kovalchuk.
12:59 of 2nd period - Deflect By Marian Gaborik.
12:59 of 2nd period - Goal by Ilya Kovalchuk - Golden Knights : 1 - Devils : 2.
13:00 of 2nd period - Matt Stajan wins face-off versus Jamie Arniel in neutral zone.
13:05 of 2nd period - Snap shot by Wayne Simmonds.
13:05 of 2nd period - Shot Misses the Net.
13:11 of 2nd period - Snap shot by Matt Stajan.
13:11 of 2nd period - Stopped by Maxime Daigneault without a rebound.
13:12 of 2nd period - Tyler Ennis wins face-off versus Andrei Loktionov in Devils zone.
13:14 of 2nd period - Minor Penalty to Marian Gaborik for Tripping.
13:15 of 2nd period - Martin Samuelsson wins face-off versus Andrei Loktionov in Devils zone.
14:05 of 2nd period - Vladimir Mihalik is hit by Michael Del Zotto and loses puck.
14:12 of 2nd period - Michael Del Zotto is hit by Vladimir Mihalik and loses puck.
15:14 of 2nd period - Penalty to Marian Gaborik is over, Marian Gaborik is back on ice.
15:21 of 2nd period - Snap shot by Vladimir Zharkov.
15:21 of 2nd period - Stopped by Maxime Daigneault without a rebound.
15:22 of 2nd period - Nick Bonino wins face-off versus Nathan Horton in Devils zone.
15:36 of 2nd period - Backhand shot by Marian Gaborik.
15:36 of 2nd period - Shot Misses the Net.
15:53 of 2nd period - Slapshot by Matt Donovan.
15:53 of 2nd period - Shot Blocked by Wes O'Neill.
15:55 of 2nd period - Slapshot by Thomas Hickey.
15:55 of 2nd period - Deflect By Brad Richardson.
15:55 of 2nd period - Shot Misses the Net.
15:55 of 2nd period - Puck is out of play.
15:56 of 2nd period - Andrei Loktionov wins face-off versus Jamie Arniel in Golden Knights zone.
16:01 of 2nd period - Andrei Loktionov is hit by Jamie Arniel and loses puck.
16:08 of 2nd period - Backhand shot by Vladimir Mihalik.
16:08 of 2nd period - Shot Blocked by Jamie Arniel.
16:10 of 2nd period - Snap shot by Andrei Loktionov.
16:10 of 2nd period - Stopped by Maxime Daigneault without a rebound.
16:11 of 2nd period - Nazem Kadri wins face-off versus Matt Stajan in Devils zone.
16:37 of 2nd period - Off-side.
16:38 of 2nd period - Jamie Arniel wins face-off versus Andrei Loktionov in neutral zone.
17:18 of 2nd period - Icing by Josh Gorges.
17:19 of 2nd period - Brad Richards wins face-off versus Matt Stajan in Devils zone.
17:48 of 2nd period - Slapshot by Martin Samuelsson.
17:48 of 2nd period - Shot Misses the Net.
17:50 of 2nd period - Slapshot by Josh Gorges.
17:50 of 2nd period - Shot Blocked by Zach Bogosian.
17:52 of 2nd period - Slapshot by Patrick Kaleta.
17:52 of 2nd period - Deflect By Brad Richards.
17:52 of 2nd period - Shot Misses the Net.
17:52 of 2nd period - Puck is out of play.
17:53 of 2nd period - Nazem Kadri wins face-off versus Andrei Loktionov in Golden Knights zone.
17:56 of 2nd period - Wrist shot by Nazem Kadri.
17:56 of 2nd period - Deflect By Marian Gaborik.
17:56 of 2nd period - Stopped by Ondrej Pavelec without a rebound.
17:57 of 2nd period - Nazem Kadri wins face-off versus Andrei Loktionov in Golden Knights zone.
18:00 of 2nd period - Wrist shot by Tyler Ennis.
18:00 of 2nd period - Goal by Tyler Ennis - Golden Knights : 1 - Devils : 3.
18:01 of 2nd period - Nazem Kadri wins face-off versus Andrei Loktionov in neutral zone.
18:06 of 2nd period - Slapshot by Kristopher Letang.
18:06 of 2nd period - Stopped by Ondrej Pavelec with a rebound.
18:08 of 2nd period - Slapshot by Kristopher Letang.
18:08 of 2nd period - Stopped by Ondrej Pavelec without a rebound.
18:09 of 2nd period - Nazem Kadri wins face-off versus Andrei Loktionov in Golden Knights zone.
18:18 of 2nd period - Wrist shot by Michael Frolik.
18:18 of 2nd period - Stopped by Maxime Daigneault without a rebound.
18:19 of 2nd period - Nazem Kadri wins face-off versus Andrei Loktionov in Devils zone.
18:23 of 2nd period - Off-side.
18:24 of 2nd period - Marian Gaborik wins face-off versus Andrei Loktionov in neutral zone.
19:00 of 2nd period - Icing by Chris Stewart.
19:01 of 2nd period - Ilya Kovalchuk wins face-off versus Jamie Arniel in Devils zone.
19:22 of 2nd period - Slapshot by Jamie Arniel.
19:22 of 2nd period - Shot Misses the Net.
19:24 of 2nd period - Wrist shot by Kristopher Letang.
19:24 of 2nd period - Stopped by Ondrej Pavelec with a rebound.
19:26 of 2nd period - Slapshot by Kristopher Letang.
19:26 of 2nd period - Stopped by Ondrej Pavelec with a rebound.
19:28 of 2nd period - Slapshot by Kristopher Letang.
19:28 of 2nd period - Deflect By Wes O'Neill.
19:28 of 2nd period - Stopped by Ondrej Pavelec with a rebound.
19:30 of 2nd period - Snap shot by Jamie Arniel.
19:30 of 2nd period - Stopped by Ondrej Pavelec without a rebound.
19:31 of 2nd period - Matt Stajan wins face-off versus Nazem Kadri in Golden Knights zone.
19:31 of 2nd period - Matt Stajan is hit by Josh Gorges.
19:34 of 2nd period - Minor Penalty to Matt Stajan for Cross-checking.
19:35 of 2nd period - Nazem Kadri wins face-off versus Michael Frolik in Golden Knights zone.
Goals for this period are 1 for Golden Knights vs 3 for Devils.
Shots for this period are 12 for Golden Knights vs 20 for Devils.

3rd period


0:01 of 3rd period - Ilya Kovalchuk wins face-off versus Nazem Kadri in neutral zone.
1:02 of 3rd period - Off-side.
1:03 of 3rd period - Nazem Kadri wins face-off versus Andrei Loktionov in neutral zone.
1:22 of 3rd period - Slapshot by Michael Del Zotto.
1:22 of 3rd period - Stopped by Ondrej Pavelec without a rebound.
1:23 of 3rd period - Nazem Kadri wins face-off versus Michael Frolik in Golden Knights zone.
1:24 of 3rd period - Wrist shot by Marian Gaborik.
1:24 of 3rd period - Goal by Marian Gaborik - Golden Knights : 1 - Devils : 4.
1:25 of 3rd period - Nazem Kadri wins face-off versus Andrei Loktionov in neutral zone.
3:25 of 3rd period - Brad Richardson is hit by Matt Stajan and loses puck.
4:07 of 3rd period - Minor Penalty to Anton Stralman for Holding.
4:08 of 3rd period - Marian Gaborik wins face-off versus Andrei Loktionov in Devils zone.
4:17 of 3rd period - Slapshot by Andrei Loktionov.
4:17 of 3rd period - Shot Misses the Net.
4:19 of 3rd period - Slapshot by Michael Frolik.
4:19 of 3rd period - Shot Blocked by Matt Donovan.
4:21 of 3rd period - Slapshot by Michael Kostka.
4:21 of 3rd period - Goal by Michael Kostka - Golden Knights : 2 - Devils : 4.
4:22 of 3rd period - Andrei Loktionov wins face-off versus Nazem Kadri in neutral zone.
4:31 of 3rd period - Slapshot by Michael Frolik.
4:31 of 3rd period - Stopped by Maxime Daigneault without a rebound.
4:32 of 3rd period - Nazem Kadri wins face-off versus Andrei Loktionov in Devils zone.
4:51 of 3rd period - Snap shot by Jared Cowen.
4:51 of 3rd period - Shot Misses the Net.
5:19 of 3rd period - Slapshot by Jared Cowen.
5:19 of 3rd period - Stopped by Maxime Daigneault with a rebound.
5:31 of 3rd period - Slapshot by Nazem Kadri.
5:31 of 3rd period - Shot Misses the Net.
5:33 of 3rd period - Slapshot by Tyler Ennis.
5:33 of 3rd period - Shot Misses the Net.
5:35 of 3rd period - Slapshot by Kristopher Letang.
5:35 of 3rd period - Shot Blocked by Jared Cowen.
5:37 of 3rd period - Slapshot by Kristopher Letang.
5:37 of 3rd period - Shot Blocked by Jared Cowen.
5:44 of 3rd period - Off-side.
5:45 of 3rd period - Jamie Arniel wins face-off versus Matt Stajan in neutral zone.
6:40 of 3rd period - Snap shot by Chris Tierney.
6:40 of 3rd period - Stopped by Maxime Daigneault with a rebound.
6:51 of 3rd period - Brad Richards is hit by Sergei Plotnikov and loses puck.
7:10 of 3rd period - Wrist shot by Michael Del Zotto.
7:10 of 3rd period - Shot Misses the Net.
7:12 of 3rd period - Snap shot by Brad Richards.
7:12 of 3rd period - Stopped by Ondrej Pavelec with a rebound.
7:14 of 3rd period - Slapshot by Josh Gorges.
7:14 of 3rd period - Stopped by Ondrej Pavelec with a rebound.
7:16 of 3rd period - Slapshot by Michael Del Zotto.
7:16 of 3rd period - Deflect By Brad Richards.
7:16 of 3rd period - Stopped by Ondrej Pavelec with a rebound.
7:18 of 3rd period - Snap shot by Martin Samuelsson.
7:18 of 3rd period - Shot Misses the Net.
7:20 of 3rd period - Slapshot by Josh Gorges.
7:20 of 3rd period - Deflect By Brad Richards.
7:20 of 3rd period - Shot Misses the Net.
7:20 of 3rd period - Puck is out of play.
7:21 of 3rd period - Jamie Arniel wins face-off versus Patrice Cormier in Golden Knights zone.
7:48 of 3rd period - Anton Stralman is hit by Vladimir Mihalik and loses puck.
7:53 of 3rd period - Slapshot by Ilya Kovalchuk.
7:53 of 3rd period - Shot Misses the Net.
8:13 of 3rd period - Snap shot by Matt Stajan.
8:13 of 3rd period - Shot Misses the Net.
8:15 of 3rd period - Slapshot by Wes O'Neill.
8:15 of 3rd period - Deflect By Thomas Vanek.
8:15 of 3rd period - Shot Misses the Net.
8:15 of 3rd period - Puck is out of play.
8:16 of 3rd period - Nick Bonino wins face-off versus Matt Stajan in Devils zone.
8:25 of 3rd period - Backhand shot by Wayne Simmonds.
8:25 of 3rd period - Shot Misses the Net.
8:41 of 3rd period - Snap shot by Jamie Arniel.
8:41 of 3rd period - Stopped by Ondrej Pavelec without a rebound.
8:42 of 3rd period - Jamie Arniel wins face-off versus Ilya Kovalchuk in Golden Knights zone.
10:12 of 3rd period - Michael Del Zotto is hit by Ilya Kovalchuk and loses puck.
10:23 of 3rd period - Backhand shot by Michael Frolik.
10:23 of 3rd period - Stopped by Maxime Daigneault with a rebound.
11:13 of 3rd period - Vladimir Zharkov is hit by Patrick Kaleta and loses puck.
11:25 of 3rd period - Patrick Kaleta is hit by Vladimir Zharkov and loses puck.
11:52 of 3rd period - Slapshot by Brad Richards.
11:52 of 3rd period - Shot Blocked by Zach Bogosian.
12:35 of 3rd period - Minor Penalty to Thomas Vanek for Hooking.
12:36 of 3rd period - Michael Frolik wins face-off versus Nazem Kadri in Golden Knights zone.
13:13 of 3rd period - Icing by Jamie Arniel.
13:14 of 3rd period - Andrei Loktionov wins face-off versus Jamie Arniel in Devils zone.
13:23 of 3rd period - Slapshot by Michael Del Zotto.
13:23 of 3rd period - Shot Blocked by Michael Kostka.
14:14 of 3rd period - Icing by Nazem Kadri.
14:15 of 3rd period - Michael Frolik wins face-off versus Nazem Kadri in Devils zone.
14:35 of 3rd period - Penalty to Thomas Vanek is over, Thomas Vanek is back on ice.
14:47 of 3rd period - Icing by Michael Kostka.
14:48 of 3rd period - Matt Stajan wins face-off versus Nazem Kadri in Golden Knights zone.
14:53 of 3rd period - Snap shot by Wayne Simmonds.
14:53 of 3rd period - Stopped by Maxime Daigneault without a rebound.
14:54 of 3rd period - Matt Stajan wins face-off versus Nazem Kadri in Devils zone.
15:06 of 3rd period - Minor Penalty to Kristopher Letang for Slashing.
15:07 of 3rd period - Marian Gaborik wins face-off versus Andrei Loktionov in Devils zone.
15:15 of 3rd period - Snap shot by Ilya Kovalchuk.
15:15 of 3rd period - Stopped by Maxime Daigneault without a rebound.
15:16 of 3rd period - Marian Gaborik wins face-off versus Andrei Loktionov in Devils zone.
15:35 of 3rd period - Wrist shot by Michael Frolik.
15:35 of 3rd period - Shot Misses the Net.
15:59 of 3rd period - Slapshot by Zach Bogosian.
15:59 of 3rd period - Shot Misses the Net.
16:07 of 3rd period - Slapshot by Zach Bogosian.
16:07 of 3rd period - Shot Blocked by Josh Gorges.
16:09 of 3rd period - Slapshot by Zach Bogosian.
16:09 of 3rd period - Shot Blocked by Michael Del Zotto.
16:11 of 3rd period - Snap shot by Ilya Kovalchuk.
16:11 of 3rd period - Shot Misses the Net.
16:23 of 3rd period - Snap shot by Zach Bogosian.
16:23 of 3rd period - Goal by Zach Bogosian - Golden Knights : 3 - Devils : 4.
16:24 of 3rd period - Patrice Cormier wins face-off versus Nazem Kadri in neutral zone.
16:50 of 3rd period - Vladimir Mihalik is hit by Patrick Kaleta and loses puck.
16:55 of 3rd period - Snap shot by Patrick Kaleta.
16:55 of 3rd period - Shot Blocked by Michael Kostka.
17:28 of 3rd period - Jamie Arniel is hit by Sergei Plotnikov and loses puck.
17:45 of 3rd period - Wrist shot by Michael Frolik.
17:45 of 3rd period - Stopped by Maxime Daigneault with a rebound.
17:47 of 3rd period - Slapshot by Jared Cowen.
17:47 of 3rd period - Stopped by Maxime Daigneault without a rebound.
17:48 of 3rd period - Nazem Kadri wins face-off versus Andrei Loktionov in Devils zone.
17:55 of 3rd period - Slapshot by Andrei Loktionov.
17:55 of 3rd period - Stopped by Maxime Daigneault with a rebound.
17:57 of 3rd period - Snap shot by Andrei Loktionov.
17:57 of 3rd period - Stopped by Maxime Daigneault with a rebound.
17:59 of 3rd period - Slapshot by Andrei Loktionov.
17:59 of 3rd period - Deflect By Michael Frolik.
17:59 of 3rd period - Shot Misses the Net.
17:59 of 3rd period - Puck is out of play.
18:00 of 3rd period - Nazem Kadri wins face-off versus Patrice Cormier in Devils zone.
18:04 of 3rd period - Kristopher Letang is hit by Vladimir Mihalik and loses puck.
18:11 of 3rd period - Snap shot by Patrice Cormier.
18:11 of 3rd period - Shot Misses the Net.
18:13 of 3rd period - Snap shot by Vladimir Mihalik.
18:13 of 3rd period - Shot Blocked by Marian Gaborik.
18:15 of 3rd period - Wrist shot by Nathan Horton.
18:15 of 3rd period - Shot Misses the Net.
18:32 of 3rd period - Slapshot by Zach Bogosian.
18:32 of 3rd period - Shot Blocked by Patrick Kaleta.
18:51 of 3rd period - Chris Stewart is hit by Wayne Simmonds and loses puck.
18:54 of 3rd period - Golden Knights, Ondrej Pavelec is pulled from the net.
19:17 of 3rd period - Snap shot by Michael Frolik.
19:17 of 3rd period - Deflect By Thomas Hickey.
19:17 of 3rd period - Shot Hit the Post.
19:17 of 3rd period - Puck is out of play.
19:18 of 3rd period - Guy Boucher call a timeout for Golden Knights.
19:18 of 3rd period - Michael Frolik wins face-off versus Nazem Kadri in Devils zone.
19:23 of 3rd period - Snap shot by Zach Bogosian.
19:23 of 3rd period - Shot Blocked by Thomas Hickey.
19:47 of 3rd period - Andrei Loktionov is hit by Matt Donovan and loses puck.
Goals for this period are 2 for Golden Knights vs 1 for Devils.
Shots for this period are 12 for Golden Knights vs 6 for Devils.